Map: Lerilak Crest

Players

EJK

  • Race: Terran Terran
  • League: Grandmaster

xKawaiian - Winner!

  • Race: Terran Terran
  • League: Master

VOD

Have the link to the VOD?

Description

Time

  • Played on: Jan. 14, 2016, 4:52 p.m.
  • Length: 5:06
Show
View Real Time Build Order
Export as new Build Order

EJK Terran 

Build Orders: Reaper Expand 

Get SALT Encoding   

  12  0:00  SCV  
  13  0:12  SCV  
  14  0:17  Supply Depot  
  14  0:25  SCV  
  15  0:38  SCV  
  15  0:41  Barracks  
  16  0:46  Refinery  
  16  0:50  SCV  
  17  1:02  SCV  
  18  1:15  SCV  
  19  1:28  Orbital Command  
  19  1:29  Reaper  
  20  1:44  Command Center  
  20  1:55  SCV  
  20  2:00  Supply Depot  
  21  2:10  SCV, Marine  
  21  2:15  Factory  
  23  2:22  Refinery  
  23  2:23  SCV  
  23  2:28  Marine  
  25  2:35  SCV  
  26  2:46  Marine  
  26  2:47  SCV  
  28  2:59  SCV, Hellion  
  28  3:01  Starport  
  28  3:04  Orbital Command  
  31  3:13  SCV, Barracks Tech Lab  
  32  3:26  Engineering Bay  
  32  3:30  Supply Depot  
  32  3:31  SCV x2  
  34  3:38  Viking  
  34  3:40  Cyclone  
  39  3:44  SCV  
  36  3:57  Barracks Reactor  
  36  4:01  Supply Depot  
  36  4:02  Supply Depot  
  34  4:19  SCV  
  35  4:24  Supply Depot  
  35  4:32  SCV  
  37  4:39  Hellion x2  
  41  4:45  Factory  
  41  4:46  Supply Depot  
  41  4:47  SCV  
Show
View Real Time Build Order
Export as new Build Order

xKawaiian Terran - Winner!

Build Orders: 1/1/1, Cyclone Opening 

Get SALT Encoding   

  12  0:00  SCV  
  13  0:13  SCV  
  14  0:17  Supply Depot  
  14  0:25  SCV  
  15  0:39  SCV  
  15  0:40  Barracks  
  16  0:46  Refinery  
  16  0:50  Refinery  
  16  0:53  SCV  
  17  1:06  SCV  
  18  1:18  SCV  
  19  1:28  Marine  
  19  1:31  Factory  
  20  1:35  Orbital Command  
  20  1:49  Marine  
  20  1:51  Supply Depot  
  21  2:02  SCV  
  21  2:09  Marine  
  21  2:14  SCV  
  23  2:17  Starport  
  23  2:19  Factory Tech Lab  
  23  2:27  Marine  
  23  2:29  SCV  
  25  2:38  Cyclone  
  25  2:43  Supply Depot  
  28  2:46  SCV  
  28  2:49  Marine  
  30  3:03  Supply Depot  
  30  3:04  SCV  
  30  3:05  Medivac  
  33  3:08  Marine  
  34  3:16  Siege Tank  
  37  3:22  SCV  
  37  3:25  Liberator  
  37  3:26  Marine  
  39  3:27  Supply Depot  
  39  3:44  Marine  
  39  3:47  SCV  
  44  3:59  SCV  
  44  4:00  Supply Depot  
  44  4:02  Marine  
  46  4:08  Siege Tank  
  49  4:13  Engineering Bay  
  49  4:19  Marine  
  49  4:23  SCV  
  51  4:28  Supply Depot  
  51  4:35  SCV  
  51  4:37  Marine  
  52  4:48  SCV  
Tags
 
Add a new tag
Caveats
  • Supply blocks, unpowered buildings, or Contaminate may cause inaccurate times.
  • Supply counts are checked every 10 seconds.